 Dungeon Crawl Stone Soup version 0.29.1-13-g9f3cf754e1 (webtiles) character file.

Game seed: 15682411737388796228

46 Legacy the Trooper (level 3, 0/54 HPs)
             Began as a Minotaur Berserker on Jan 28, 2023.
             Was a Believer of Trog.
             Slain by a hobgoblin (6 damage)
             ... led by Robin
             ... on level 2 of the Dungeon.
             The game lasted 00:03:06 (1391 turns).

Legacy the Trooper (Minotaur Berserker)             Turns: 1391, Time: 00:03:07

Health: 0/54       AC:  2    Str: 21    XL:     3   Next: 46%
Magic:  2/2        EV: 12    Int:  4    God:    Trog [**....]
Gold:   65         SH:  0    Dex: 11    Spells: 2/2 levels left

rFire   . . .      SeeInvis .   a - +0 broad axe
rCold   . . .      Faith    .   (no shield)
rNeg    . . .      Spirit   .   b - +0 animal skin
rPois   .          Reflect  .   (helmet restricted)
rElec   .          Harm     .   (no cloak)
rCorr   .          Rampage  .   (no gloves)
Will    .....                   (no boots)
Stlth   ..........              (no amulet)
HPRegen 0.18/turn               (no ring)
MPRegen 0.08/turn               (no ring)

@: berserking, very quick
A: horns 2, retaliatory headbutt
a: Renounce Religion, Berserk, Trog's Hand


You were on level 2 of the Dungeon.
You worshipped Trog.
Trog was pleased with you.
You visited 1 branch of the dungeon, and saw 2 of its levels.

You collected 65 gold pieces.

Inventory:

Hand Weapons
 a - a +0 broad axe (weapon)
Armour
 b - a +0 animal skin (worn)
Scrolls
 c - a scroll of brand weapon {unknown}
 e - a scroll of enchant armour {unknown}
 g - a scroll of vulnerability {unknown}
 i - 4 scrolls of teleportation
 j - 2 scrolls of identify {unknown}
Potions
 d - a potion of haste {unknown}
 f - a potion of might {unknown}
 h - a potion of curing {unknown}


   Skills:
 + Level 5.5 Fighting
 - Level 3.6 Axes
 - Level 2.4 Armour
 - Level 2.1 Dodging


You had 2 spell levels left.
You didn't know any spells.
Your spell library was empty.

Dungeon Overview and Level Annotations

Branches:
Dungeon (2/15)

Altars:
Wu Jian

Annotations:
D:2 Robin


Innate Abilities, Weirdness & Mutations

You have a pair of horns on your head.
You reflexively headbutt those who attack you in melee.


Message History

You closely miss the goblin. You slash the goblin!
You kill the goblin!
Trog accepts your kill.
You miss the goblin. Robin hits you but does no damage.
The goblin closely misses you. The goblin barely misses you.
You closely miss the hobgoblin. You barely miss the goblin. x2
You closely miss the hobgoblin. The goblin hits you with a +0 dagger.
The hobgoblin hits you. x2; The goblin hits you but does no damage.
Robin throws the goblin at you! The goblin misses you. You furiously retaliate!
You headbutt the goblin.
Robin roars a battlecry!
The goblins go into a battle-frenzy!
The hobgoblin closely misses you. The goblin closely misses you.
The hobgoblin closely misses you. The goblin closely misses you.
You closely miss the hobgoblin. Your headbutt misses the hobgoblin.
You hit the hobgoblin. You closely miss the goblin. You barely miss the goblin.
You closely miss the goblin. The goblin hits you with a +0 club.
The goblin hits you with a +0 dagger. The hobgoblin hits you.
Robin barely misses you. The goblin hits you but does no damage.
The hobgoblin misses you.
You barely miss the hobgoblin. You hit the goblin.
You kill the goblin!
Trog accepts your kill.
You slash the goblin!
You kill the goblin!
Trog accepts your kill.
You slash the hobgoblin!
You kill the hobgoblin!
Trog accepts your kill.
You hit the goblin.
You kill the goblin!
Trog accepts your kill. Robin barely misses you.
The hobgoblin closely misses you. x2; Robin hits you with a +0 trident!
* * * LOW HITPOINT WARNING * * *
You see here a +0 dagger.
Unknown command.
A red film seems to cover your vision as you go berserk!
You feel yourself moving faster!
You feel mighty! The hobgoblin hits you.
You die...

#######
###.....#
.......+
#.g...#
#)@)..#
#g.g..#
#######


You could see Robin and 2 hobgoblins.

Vanquished Creatures
  A dart slug (D:1)
  3 endoplasms (D:1)
  A giant cockroach (D:1)
  10 goblins
  3 hobgoblins
  3 jackals (D:1)
  4 kobolds (D:1)
  2 quokkas (D:1)
  2 ball pythons (D:1)
  3 bats
  2 frilled lizards (D:1)
  4 rats
38 creatures vanquished.

Notes
Turn   | Place    | Note
-------+----------+-------------------------------------------
     0 | D:1      | Legacy the Minotaur Berserker began the quest for the Orb.
     0 | D:1      | Reached XP level 1. HP: 19/19 MP: 0/0
    76 | D:1      | Reached skill level 4 in Fighting
   123 | D:1      | Reached XP level 2. HP: 18/28 MP: 1/1
   516 | D:1      | Found a faded altar of an unknown god.
   814 | D:1      | Reached ** piety under Trog
   993 | D:1      | Reached skill level 5 in Fighting
  1099 | D:1      | Reached XP level 3. HP: 25/36 MP: 2/2
  1323 | D:2      | Found an ornate altar of the Wu Jian Council.
  1384 | D:2      | Noticed Robin
  1391 | D:2      | Slain by a hobgoblin

Illustrated notes

Levels and vault maps discovered:
D:1:      doesnt_arrival_eight_statues, layout_basic,
          chequers_ecumenical_altar_island
D:2:      layout_basic, basic_altar, minmay_rat_hole, uniq_natasha, uniq_robin

Skill      XL: |  1  2 |
---------------+-------+-----
Fighting       | 4 5 |  5.5
Axes           | |  3.6
Armour         | |  2.4
Dodging        | |  2.1

Action                   || total
-------------------------++-------
Melee: Hand axe          ||    22
       Headbutt          ||     8
       Broad axe         ||    29
Invok: Berserk           ||     1
  Use: Scroll            ||     1
Armor: Animal skin       ||    26
Dodge: Dodged            ||    63
